 Dungeon Crawl Stone Soup version 0.27.1-33-g824d729ab1 (webtiles) character file.

Game seed: 8879402983093324347

103 SensoryNuts the Ruffian (level 4, -1/35 HPs)
             Began as a Draconian Transmuter on Dec 7, 2021.
             Slain by a gnoll (2 damage)
             ... on level 3 of the Dungeon.
             The game lasted 00:03:07 (2222 turns).

SensoryNuts the Ruffian (Draconian Transmuter)      Turns: 2222, Time: 00:03:08

Health: -1/35      AC:  5    Str: 13    XL:     4   Next: 51%
Magic:  6/8        EV: 12    Int: 13    God:
Gold:   49         SH:  0    Dex: 12    Spells: 4/8 levels left

rFire    . . .     SeeInvis .     - Unarmed
rCold    . . .     Faith    .   (no shield)
rNeg     . . .     Spirit   .   (armour unavailable)
rPois    .         Reflect  .   (helmet currently unavailable)
rElec    .         Harm     .   (no cloak)
rCorr    .         Rampage  .   (no gloves)
Will     .....                  (boots currently unavailable)
Stlth    +.........             (no amulet)
HPRegen  0.11/turn              (no ring)
MPRegen  0.11/turn              (no ring)

@: appendages (expiring)
A: horns 2, talons 2, AC +5, unfitting armour, cold-blooded
a: End Transformation


You were on level 3 of the Dungeon.
You had temporarily grown beastly horns and talons.
You visited 1 branch of the dungeon, and saw 3 of its levels.

You collected 49 gold pieces.

Inventory:

Scrolls
 d - a scroll of enchant armour
 e - a scroll of identify
 h - 2 scrolls of amnesia {unknown}
Potions
 a - a potion of heal wounds
 b - a potion of might {unknown}
 c - a potion of curing {unknown}
 f - a potion of haste {unknown}
 g - a potion of brilliance {unknown}


   Skills:
 + Level 1.2 Fighting
 + Level 2.1 Dodging
 + Level 0.5 Stealth
 + Level 3.8 Unarmed Combat
 + Level 2.7 Spellcasting
 + Level 3.0 Transmutations


You had 4 spell levels left.
You knew the following spells:

 Your Spells              Type           Power      Damage    Failure   Level
a - Beastly Appendage     Tmut           18%        N/A       7%          1
b - Spider Form           Tmut/Pois      2%         N/A       36%         3

Your spell library contained the following spells:

 Spells                   Type           Power      Damage    Failure   Level
 Wereblood                Tmut           9%         N/A       10%         2
 Ice Form                 Ice/Tmut       5%         N/A       77%         4


Dungeon Overview and Level Annotations

Branches:
Dungeon (3/15)

Altars:


Innate Abilities, Weirdness & Mutations

You have temporarily grown beastly horns and talons.
Your plain brown scales are hard. (AC +5)
You cannot fit into any form of body armour.
You are cold-blooded and may be slowed by cold attacks.


Message History

The gnoll misses you.
You hit the gnoll.
The gnoll is lightly wounded.
The gnoll hits you from afar with a +0 spear.
The gnoll hits you with a +0 spear.
You closely miss the gnoll. You headbutt the gnoll!
The gnoll is almost dead.
Your transformation is almost over.
The gnoll closely misses you. The gnoll misses you.
You punch the gnoll!
You kill the gnoll!
The gnoll barely misses you.
Your magical contamination has completely faded away.
You hit the gnoll. You claw the gnoll.
The gnoll is moderately wounded.
The gnoll barely misses you.
The gnoll hits you from afar with a +0 spear.
You hit the gnoll.
Your tail-slap misses the gnoll.
The gnoll is heavily wounded.
The gnoll completely misses you.
The gnoll hits you from afar with a +0 spear.
You hit the gnoll.
The gnoll is severely wounded.
The gnoll hits you but does no damage. The gnoll misses you.
You hit the gnoll.
You kill the gnoll!
The gnoll hits you from afar with a +0 spear.
* * * LOW HITPOINT WARNING * * *
Your Transmutations skill increases to level 3!
The gnoll closely misses you.
Items here: )) ††.
You hit the gnoll.
You headbutt the gnoll, but do no damage.
The gnoll is lightly wounded.
The gnoll hits you with a +0 spear!
* * * LOW HITPOINT WARNING * * *
You hit the gnoll but do no damage. You claw the gnoll. You headbutt the gnoll.
The gnoll is severely wounded.
The gnoll hits you with a +0 spear.
You die...

#.. #.# #.# #.
#.# #. #.# #.#
#.###.########
#.##...#g....#
#<##...#@#
#.##...#)##
#.........#
#.........#
#.........#
#.##...#.##
#.......$....
####...#.###.
##.##.#


You could see a gnoll.

Vanquished Creatures
  3 gnolls (D:3)
  2 adders (D:2)
  2 dart slugs (D:2)
  3 endoplasms
  4 giant cockroaches
  8 goblins
  7 hobgoblins
  2 quokkas
  6 ball pythons
  3 frilled lizards
  4 kobolds
  8 rats
52 creatures vanquished.

Notes
Turn   | Place    | Note
-------+----------+-------------------------------------------
     0 | D:1      | SensoryNuts the Draconian Transmuter began the quest for
                  | the Orb.
     0 | D:1      | Reached XP level 1. HP: 16/16 MP: 3/3
   343 | D:1      | Reached XP level 2. HP: 21/23 MP: 3/5
  1236 | D:2      | Reached XP level 3. HP: 24/28 MP: 4/6
  1266 | D:2      | Learned a level 3 spell: Spider Form
  1781 | D:2      | Reached XP level 4. HP: 34/35 MP: 5/7
  2221 | D:3      | HP: 1/35 [gnoll (9)]
  2222 | D:3      | Slain by a gnoll

Illustrated notes

Levels and vault maps discovered:
D:1:      lemuel_arrival_room, layout_loops_corners
D:2:      layout_basic
D:3:      wander_river, layout_loops_ring, nemelex_dance_club_becter,
          shapermc_ecumenical_altar_gd, grunt_ministairs_4

Skill      XL: |  1  2  3  4 |
---------------+-------------+-----
Dodging        | 2 |  2.1
Transmutations | 3 |  3.0
Fighting       | |  1.2
Stealth        | |  0.5
Unarmed Combat | |  3.8
Spellcasting   | |  2.7

Action                   |  1- 3 |  4- 6 || total
-------------------------+-------+-------++-------
Melee: Unarmed           |   134 |    21 ||   155
       Kick              |    23 |     2 ||    25
       Headbutt          |    10 |     5 ||    15
       Tailslap          |     6 |     1 ||     7
 Cast: Beastly Appendage |    34 |     5 ||    39
  Use: Scroll            |     1 |       ||     1
       Potion            |     1 |       ||     1
Armor: Skin              |    36 |     4 ||    40
Dodge: Dodged            |    68 |    24 ||    92
